 Dungeon Sprint DCSS version 0.23-a0-629-gae4348f (webtiles) character file.

40201 Lanoc the Executioner (level 14, -2/146 HPs)
             Began as a Hill Orc Monk on Dec 26, 2018.
             Was the Champion of Beogh.
             Slain by a slime creature (14 damage)
             ... in the Dungeon (Sprint IX: "|||||||||||||||||||||||||||||").
             The game lasted 00:22:57 (4173 turns).

Lanoc the Executioner (Hill Orc Monk)               Turns: 4173, Time: 00:22:58

Health: -2/146     AC: 29    Str: 18    XL:     14   Next: 9%
Magic:  23/23      EV: 29    Int:  9    God:    Beogh [******]
Gold:   1322       SH:  0    Dex: 19    Spells: 13/13 levels left

rFire    x . .     SeeInvis .   m - +1 broad axe (chop)
rCold    + + .     Gourm    .   (no shield)
rNeg     + . .     Faith    .   I - +1 ice dragon scales
rPois    +         Spirit   .   J - +1 helmet
rElec    .         Reflect  .   G - +2 ratskin cloak {+Rats rPois rN+ Str-1 Int-1 Dex+1}
rCorr    .         Harm     .   v - +0 pair of gloves
MR       +....     NoTele   +   F - +2 pair of boots of the Assassin {Detection Stab+ Stlth++}
Stlth    ++++......             (no amulet)
HPRegen  0.34/turn              a - +2 ring of evasion
MPRegen  0.18/turn              b - +2 ring of evasion

@: agile
A: walk on water
a: Smiting, Recall Orcish Followers, Give Item to Named Follower, Resurrection,
Renounce Religion, Evoke Ratskin


You were in the Dungeon.
You worshipped Beogh.
Beogh was exalted by your worship.
You were very hungry.

You visited 1 branch You collected 1917 gold pieces.
You spent 595 gold pieces at shops.

Inventory:

Hand Weapons
 f - a +1 mace of holy wrath
 m - a +1 broad axe of chopping (weapon)
 o - a +2 battleaxe
 y - a +1 dire flail of draining
 D - a +3 hand axe of venom
 E - a +0 war axe
Missiles
 x - 4 steel tomahawks (quivered)
Armour
 v - a +0 pair of gloves (worn)
 F - the +2 pair of boots of the Assassin (worn) {Detection Stab+ Stlth++}
   (You found it in the Dungeon)

   It makes you much more stealthy.
 G - the +2 ratskin cloak (worn) {+Rats rPois rN+ Str-1 Int-1 Dex+1}
   (You found it in the Dungeon)

   It affects your strength (-1).
   It affects your intelligence (-1).
   It affects your dexterity (+1).
   It protects you from poison.
   It protects you from negative energy.
 I - +1 ice dragon scales (worn)
 J - a +1 helmet (worn)
Jewellery
 a - a +2 ring of evasion (left hand)
 b - a +2 ring of evasion (right hand)
 n - an uncursed ring of protection from cold
 C - an uncursed ring of ice
Wands
 q - a wand of iceblast (7)
Scrolls
 i - 4 scrolls of blinking
 j - 3 scrolls of remove curse
 k - 2 scrolls of amnesia
 r - 4 scrolls of fog
 s - 2 scrolls of identify
 t - 4 scrolls of enchant armour
Potions
 e - a potion of cancellation
 g - 4 potions of magic
 h - 3 potions of curing
 l - 2 potions of resistance
 p - 2 potions of mutation
 z - a potion of ambrosia
Comestibles
 c - 10 rations
 u - 6 chunks of flesh


   Skills:
 + Level 19.3 Fighting
 + Level 25.2 Axes
 + Level 17.8 Armour
 + Level 14.4 Dodging
 - Level 1.5 Stealth
 + Level 13.1 Invocations


You had 13 spell levels left.
You didn't know any spells.
Your spell library was empty.

Dungeon Overview and Level Annotations

Branches:
Dungeon (1/1)

Altars:
Cheibriados
Dithmenos
Elyvilon
Fedhas
Gozag
Hepliaklqana
Kikubaaqudgha
Makhleb
Nemelex Xobeh
Okawaru
Qazlal
Ru
Sif Muna
Trog
Uskayaw
Vehumet
Wu Jian
Xom
Yredelemnul
Zin
The Shining One
Beogh
Jiyva
Lugonu

Shops:
D *!}*


Message History

The slime creature is lightly wounded.
The slime creature completely misses you.
You barely miss the slime creature.
The slime creature is lightly wounded.
The slime creature completely misses you.
You slash the slime creature!
The slime creature is moderately wounded.
You slash the slime creature!
The slime creature is heavily wounded.
The slime creature misses you.
You hit the slime creature but do no damage.
The slime creature is heavily wounded.
The slime creature hits you.
* * * LOW HITPOINT WARNING * * *
You slash the slime creature!
The slime creature is heavily wounded.
You completely miss the slime creature.
The slime creature is heavily wounded.
The slime creature hits you!
You die...

.▓.▓)▓.▓.▓.▓†▓.▓{
.▓.▓[▓)▓.▓.▓.▓.▓.▓{
.▓.▓)▓.▓.▓.▓.▓.▓.▓
†▓.▓)▓.▓.▓.▓.▓.▓.▓{
)▓.▓)▓.▓.▓.▓.▓.▓O▓
.▓.▓)▓.▓.▓.▓.▓.▓c▓
)▓.▓.▓.▓o▓.▓.▓.▓i▓
.▓.▓.▓.▓.▓.▓÷▓.▓J▓
.▓.▓'▓.▓.▓.▓)▓.▓@▓
.▓.▓.▓.▓[▓.▓(▓.▓o▓
.▓.▓)▓.▓[▓.▓(▓.▓(▓
.▓.▓.▓.▓[▓.▓(▓.▓(▓
.▓.▓.▓.▓o▓.▓.▓.▓.▓
.▓.▓.▓.▓)▓.▓.▓.▓.▓
'▓.▓.▓.▓)▓.▓.▓.▓.▓{
.▓.▓.▓.▓)▓.▓.▓.▓.▓
.▓.▓.▓.▓)▓.▓.▓.▓.▓


You could see a slime creature, an ogre mage, a spriggan air mage, a yaktaur and
the friendly Borgoth the orc knight.

Vanquished Creatures
  Frances (D)
  A nagaraja (D)
  A frost giant (D)
  A stone giant (D)
  2 very ugly things (D)
  An entropy weaver (D)
  2 ettins (D)
  An ice dragon (D)
  Erolcha (D)
  A yaktaur captain (D)
  2 hydras (D)
  A spriggan air mage (D)
  A centaur warrior (D)
  A death knight (D)
  3 tengu warriors (D)
  A deep troll shaman (D)
  A naga sharpshooter (D)
  A two-headed ogre (D)
  An orc high priest (D)
  A shock serpent (D)
  Nergalle (D)
  3 sea snakes (D)
  A salamander mystic (D)
  A spriggan druid (D)
  An orc knight (D)
  An orb spider (D)
  A wolf spider (D)
  A manticore (D)
  Maurice (D)
  An ugly thing (D)
  A moth of wrath (D)
  Psyche (D)
  5 black mambas (D)
  An elephant (D)
  2 water nymphs (D)
  A guardian serpent (D)
  7 spiny frogs (D)
  2 yaktaurs (D)
  A rime drake (D)
  A demonic crawler (D)
  3 tyrant leeches (D)
  A tengu conjurer (D)
  A jumping spider (D)
  A troll (D)
  A wind drake (D)
  4 blink frogs (D)
  3 hippogriffs (D)
  A water elemental (D)
  A redback (D)
  2 tarantellas (D)
  A wyvern (D)
  Eustachio (D)
  A hungry ghost (D)
  2 vampire mosquitoes (D)
  2 water moccasins (D)
  2 porcupines (D)
  4 orc warriors (D)
  A swamp drake (D)
  2 ice beasts (D)
  A necrophage (D)
  A phantom (D)
  A centaur (D)
  An ogre (D)
  3 orc wizards (D)
  A crocodile (D)
  3 bullfrogs (D)
  A howler monkey (D)
  2 crimson imps (D)
  A worker ant (D)
  An adder skeleton (D)
  A leopard gecko (D)
  An orc (D)
  A ball python (D)
  2 bat skeletons (D)
  2 goblins (D)
  A rat (D)
117 creatures vanquished.

Vanquished Creatures (collateral kills)
  An ice dragon (D)
  A centaur warrior (D)
  2 glowing orange brains (D)
  5 orc knights (D)
  A deep elf mage (D)
  A jumping spider (D)
  A hungry ghost (D)
  An insubstantial wisp (D)
  A sky beast (D)
  An orc warrior (D)
  2 orcs (D)
  A bat zombie (D)
18 creatures vanquished.

Vanquished Creatures (others)
  A thorn hunter (D)
  4 orc knights (D)
  15 orc warriors (D)
  An orc wizard (D)
  5 orcs (D)
  2 orc priests (D)
  2 briar patches (D)
30 creatures vanquished.

Grand Total: 165 creatures vanquished

Notes
Turn   | Place    | Note
-------+----------+-------------------------------------------
     0 | D        | Lanoc the Hill Orc Monk began the quest for the Orb.
     0 | D        | Reached XP level 1. HP: 19/19 MP: 1/1
    12 | D        | Reached skill level 1 in Armour
    17 | D        | Reached skill level 5 in Axes
    18 | D        | Reached XP level 2. HP: 9/27 MP: 2/2
   211 | D        | Noticed a crimson imp
   211 | D        | Noticed a crimson imp
   233 | D        | HP: 1/28 [worker ant (7)]
   241 | D        | Reached skill level 5 in Fighting
   241 | D        | Reached skill level 6 in Axes
   241 | D        | Reached XP level 3. HP: 25/36 MP: 3/3
   244 | D        | Reached skill level 7 in Axes
   244 | D        | Reached XP level 4. HP: 19/42 MP: 4/4
   248 | D        | Reached skill level 8 in Axes
   497 | D        | Found a roughly hewn altar of Beogh.
   497 | D        | Found a snail-covered altar of Cheibriados.
   497 | D        | Found a shadowy altar of Dithmenos.
   497 | D        | Found a white marble altar of Elyvilon.
   497 | D        | Found a blossoming altar of Fedhas.
   497 | D        | Found an opulent altar of Gozag.
   498 | D        | Found a hazy altar of Hepliaklqana.
   499 | D        | Found a viscous altar of Jiyva.
   500 | D        | Found an ancient bone altar of Kikubaaqudgha.
   501 | D        | Found a corrupted altar of Lugonu.
   502 | D        | Found a burning altar of Makhleb.
   503 | D        | Found a sparkling altar of Nemelex Xobeh.
   504 | D        | Found an iron altar of Okawaru.
   505 | D        | Found a stormy altar of Qazlal.
   506 | D        | Found a sacrificial altar of Ru.
   507 | D        | Found a deep blue altar of Sif Muna.
   508 | D        | Found a bloodstained altar of Trog.
   509 | D        | Found a hide-covered altar of Uskayaw.
   510 | D        | Found a radiant altar of Vehumet.
   511 | D        | Found an ornate altar of the Wu Jian Council.
   512 | D        | Found a shimmering altar of Xom.
   513 | D        | Found a basalt altar of Yredelemnul.
   514 | D        | Found a glowing silver altar of Zin.
   515 | D        | Found a glowing golden altar of the Shining One.
   538 | D        | Became a worshipper of Beogh the Brigand
   538 | D        | Reached * piety under Beogh
   538 | D        | Reached ** piety under Beogh
   609 | D        | Noticed a hungry ghost
   609 | D        | Noticed an ice beast
   609 | D        | Noticed a centaur
   612 | D        | Reached skill level 9 in Axes
   612 | D        | Reached XP level 5. HP: 48/51 MP: 5/5
   616 | D        | Killed a centaur
   616 | D        | Reached skill level 10 in Axes
   616 | D        | Reached skill level 5 in Armour
   616 | D        | Reached skill level 5 in Dodging
   618 | D        | Reached XP level 6. HP: 48/60 MP: 6/6
   624 | D        | Killed an ice beast
   624 | D        | Reached skill level 11 in Axes
   629 | D        | Killed a hungry ghost
   629 | D        | Reached *** piety under Beogh
   629 | D        | Reached skill level 12 in Axes
   629 | D        | Reached XP level 7. HP: 56/69 MP: 7/7
   645 | D        | Noticed a troll
   668 | D        | Reached **** piety under Beogh
   668 | D        | Reached skill level 13 in Axes
   671 | D        | Killed a troll
   673 | D        | Reached skill level 14 in Axes
   673 | D        | Reached XP level 8. HP: 52/79 MP: 8/8
   678 | D        | Reached skill level 10 in Fighting
   687 | D        | Reached ***** piety under Beogh
   846 | D        | Noticed a hippogriff
   846 | D        | Noticed a spiny frog
   846 | D        | Noticed a black mamba
   846 | D        | Noticed an eight-headed hydra
   865 | D        | Killed a black mamba
   865 | D        | Reached skill level 15 in Axes
   868 | D        | Killed an eight-headed hydra
   868 | D        | Reached skill level 16 in Axes
   868 | D        | Reached skill level 10 in Armour
   868 | D        | Reached XP level 9. HP: 89/89 MP: 9/9
   880 | D        | Killed a spiny frog
   885 | D        | Reached skill level 17 in Axes
   963 | D        | Noticed a seven-headed hydra
   963 | D        | Noticed a spiny frog
   972 | D        | Reached ****** piety under Beogh
   973 | D        | Killed a spiny frog
   973 | D        | Reached XP level 10. HP: 99/99 MP: 10/10
   976 | D        | Noticed an elephant
   983 | D        | Reached skill level 18 in Axes
  1022 | D        | Killed a seven-headed hydra
  1042 | D        | Killed an elephant
  1068 | D        | Reached skill level 19 in Axes
  1172 | D        | Noticed a spiny frog
  1172 | D        | Noticed a spiny frog
  1174 | D        | Noticed a spiny frog
  1198 | D        | Reached skill level 10 in Dodging
  1209 | D        | Killed a spiny frog
  1211 | D        | Killed a spiny frog
  1217 | D        | Killed a spiny frog
  1217 | D        | Reached XP level 11. HP: 85/108 MP: 11/11
  1317 | D        | Noticed Maurice
  1331 | D        | Killed Maurice
  1331 | D        | Reached skill level 20 in Axes
  1354 | D        | Noticed Eustachio
  1381 | D        | Killed Eustachio
  1488 | D        | Noticed an orc high priest
  1488 | D        | Noticed an orc knight
  1491 | D        | Noticed an orc knight
  1518 | D        | Killed an orc high priest
  1533 | D        | Killed an orc knight
  1539 | D        | Killed an orc knight
  1766 | D        | Found Nexieq's Assorted Antiques.
  1766 | D        | Noticed an orc knight
  1766 | D        | Noticed an orc knight
  1767 | D        | Noticed an orc knight
  1768 | D        | Found Umezxesmoi's Gadget Shop.
  1770 | D        | Found Oginiont's Distillery.
  1771 | D        | Killed an orc knight
  1773 | D        | Found Pasoh's General Store.
  1774 | D        | Killed an orc knight
  1778 | D        | Noticed an orc knight
  1787 | D        | Noticed an orc knight
  1787 | D        | Killed an orc knight
  1787 | D        | Reached skill level 21 in Axes
  1794 | D        | Noticed an orc knight
  1798 | D        | Killed an orc knight
  1831 | D        | Bought a potion of agility for 56 gold pieces
  1831 | D        | Bought a potion of heal wounds for 70 gold pieces
  1831 | D        | Bought a potion of curing for 42 gold pieces
  1831 | D        | Bought a potion of ambrosia for 112 gold pieces
  1833 | D        | Bought a potion of heal wounds for 70 gold pieces
  1833 | D        | Bought a potion of might for 56 gold pieces
  1833 | D        | Bought a +1 cloak of poison resistance for 189 gold pieces
  1861 | D        | Noticed Erolcha
  1876 | D        | Killed Erolcha
  1876 | D        | Reached skill level 15 in Fighting
  1903 | D        | Noticed Psyche
  1916 | D        | Killed Psyche
  1977 | D        | Found the +2 pair of boots of the Assassin {Detection Stab+
                  | Stlth++}
  1978 | D        | Found the +2 ratskin cloak {+Rats rPois rN+ Str-1 Int-1
                  | Dex+1}
  2077 | D        | Noticed a deep elf mage
  2077 | D        | Noticed a centaur warrior
  2077 | D        | Noticed a death knight
  2077 | D        | Noticed a two-headed ogre
  2080 | D        | Killed a two-headed ogre
  2092 | D        | Killed a death knight
  2097 | D        | Killed a deep elf mage
  2101 | D        | Killed a centaur warrior
  2101 | D        | Reached skill level 22 in Axes
  2102 | D        | Noticed a centaur warrior
  2105 | D        | Noticed an ice dragon
  2108 | D        | Noticed an ice dragon
  2112 | D        | Killed a centaur warrior
  2112 | D        | Reached XP level 12. HP: 77/122 MP: 12/12
  2113 | D        | Noticed an ettin
  2113 | D        | Noticed a tengu warrior
  2125 | D        | Killed an ice dragon
  2136 | D        | Killed an ice dragon
  2162 | D        | Killed an ettin
  2165 | D        | Killed a tengu warrior
  2165 | D        | Reached skill level 23 in Axes
  2532 | D        | Reached skill level 1 in Invocations
  2557 | D        | Reached skill level 15 in Armour
  2591 | D        | Reached skill level 5 in Invocations
  2831 | D        | Noticed a nagaraja
  2831 | D        | Noticed a naga sharpshooter
  2831 | D        | Noticed a shock serpent
  2841 | D        | Killed a shock serpent
  2844 | D        | Gained Borgoth as an ally
  2851 | D        | Killed a nagaraja
  2862 | D        | Killed a naga sharpshooter
  2869 | D        | Reached XP level 13. HP: 47/132 MP: 18/18
  3246 | D        | Noticed an entropy weaver
  3267 | D        | Killed an entropy weaver
  3267 | D        | Reached skill level 24 in Axes
  3594 | D        | Noticed a thorn hunter
  3616 | D        | Killed a thorn hunter
  3616 | D        | Reached skill level 10 in Invocations
  3667 | D        | Noticed Nergalle
  3672 | D        | Killed Nergalle
  3678 | D        | Noticed Frances
  3695 | D        | Killed Frances
  4050 | D        | Noticed a brown very ugly thing
  4051 | D        | Noticed a stone giant
  4054 | D        | Noticed a purple very ugly thing
  4063 | D        | Killed a brown very ugly thing
  4071 | D        | Noticed an ettin
  4084 | D        | Killed a stone giant
  4089 | D        | Killed a purple very ugly thing
  4118 | D        | Killed an ettin
  4127 | D        | Reached skill level 25 in Axes
  4135 | D        | Noticed a yaktaur captain
  4137 | D        | Noticed a frost giant
  4151 | D        | Killed a yaktaur captain
  4151 | D        | Reached XP level 14. HP: 46/146 MP: 23/23
  4161 | D        | Killed a frost giant
  4173 | D        | Slain by a slime creature

Vault maps used:
D:        linesprint

Skill      XL: |  1  2  3  4  5  6  7  8  9 10 11 12 13 14 |
---------------+-------------------------------------------+-----
Fighting       | 4 5 6 7 8 9 11 12 13 15 17 19 | 19.3
Armour         | 1 2 3 4 5 6 8 10 11 12 14 15 17 | 17.8
Axes           | 5 6 7 9 10 12 14 16 17 19 22 23 25 | 25.2
Dodging        | 3 4 5 6 8 9 10 11 12 14 | 14.4
Invocations    | 7 12 13 | 13.1
Stealth        | |  1.5

Action                   |  1- 3 |  4- 6 |  7- 9 | 10-12 | 13-15 || total
-------------------------+-------+-------+-------+-------+-------++-------
Melee: Hand axe          |    42 |     2 |       |       |       ||    44
       Broad axe         |       |    19 |    73 |   316 |   190 ||   598
       Mace              |       |       |       |    12 |       ||    12
 Abil: Evoke Ratskin     |       |       |       |     1 |       ||     1
Evoke: Wand              |       |       |     7 |     3 |       ||    10
  Use: Potion            |     3 |       |     4 |    11 |     7 ||    25
 Stab: Sleeping          |     1 |       |       |       |       ||     1
       Invisible         |       |       |     5 |       |       ||     5
       Distracted        |       |       |       |     1 |     1 ||     2
       Confused          |       |       |       |       |     2 ||     2
  Eat: Chunk             |       |       |     3 |     3 |     3 ||     9
       Ration            |       |       |       |     1 |       ||     1
Armor: Robe              |     7 |       |       |       |       ||     7
       Chain mail        |       |    11 |     8 |     2 |       ||    21
       Troll leather arm |       |       |     4 |    34 |       ||    38
       Ice dragon scales |       |       |       |    38 |    72 ||   110
Dodge: Dodged            |    36 |     5 |    40 |   238 |   124 ||   443

Table legend:
 A = Non-vault XP
 B = Vault XP
 C = Vault XP percentage of total XP
 D = Non-vault monster count
 E = Vault monster count
 F = Vault count percentage of total count
                 A         B        C        D         E       F
            +---------+---------+-------+---------+---------+-------
      Total |       0 |   57430 | 100.0 |       0 |     135 | 100.0
            +---------+---------+-------+---------+---------+-------
          D |       0 |   57430 | 100.0 |       0 |     135 | 100.0
            +---------+---------+-------+---------+---------+-------
